 Dungeon Crawl Stone Soup version 0.18.1-48-g4cf74bf (webtiles) character file.

299 Gadfly the Slinger (level 6, -5/39 HPs)
             Began as a Halfling Hunter on Aug 1, 2016.
             Was an Initiate of Okawaru.
             Slain by morik's ghost (8 damage)
             ... on level 4 of the Dungeon.
             The game lasted 00:07:53 (3280 turns).

Gadfly the Slinger (Halfling Hunter)                Turns: 3280, Time: 00:07:53

Health: -5/39      AC:  7    Str: 10 (12) XL:     6   Next: 63%
Magic:  6/6        EV: 14    Int:  9 (10) God:    Okawaru [......]
Gold:   163        SH:  0    Dex: 17      Spells: 0 memorised, 5 levels left

rFire  . . .     SeeInvis .     a - +1 hunting sling
rCold  . . .     Gourm    .     k - +0 ring mail
rNeg   + . .     Faith    .     (shield restricted)
rPois  .         Spirit   .     l - +1 helmet
rElec  .         Dismiss  .     (no cloak)
rCorr  .         Reflect  .     (no gloves)
SustAt .         Harm     .     (no boots)
MR     +....                    (no amulet)
Stlth  +.........               s - ring of protection from magic
                                j - ring of positive energy

@: somewhat resistant to hostile enchantments, very unstealthy
A: mutation resistance 1
a: Renounce Religion


You were on level 4 of the Dungeon.
You worshipped Okawaru.
Okawaru was noncommittal.
You were not hungry.

You visited 1 branch of the dungeon, and saw 4 of its levels.

You collected 163 gold pieces.

Inventory:

Hand Weapons
 a - a +1 hunting sling (weapon)
Missiles
 d - 18 sling bullets
 e - 105 stones (quivered)
Armour
 h - a +0 plate armour
 k - a +0 ring mail (worn)
 l - a +1 helmet (worn)
Jewellery
 j - a ring of positive energy (left hand)
 n - an uncursed ring of fire
 s - a ring of protection from magic (right hand)
Wands
 c - a wand of slowing (33/48)
Comestibles
 b - 2 chunks of flesh
 f - 3 bread rations
 m - 2 beef jerkies
 o - 3 meat rations
 q - 3 fruits


   Skills:
 + Level 1.8 Fighting
 + Level 10.1 Slings
 + Level 0.7 Armour
 + Level 2.9 Dodging
 - Level 1.1 Stealth


You had 5 spell levels left.
You didn't know any spells.

Dungeon Overview and Level Annotations

Branches:
Dungeon (4/15)
 Temple: D:4-7

Altars:
Makhleb
Nemelex Xobeh
Okawaru
Yredelemnul
Zin

Annotations:
D:4 morik's ghost, amateur DrTm


Innate Abilities, Weirdness & Mutations

You are small and have problems with some larger weapons.
You are somewhat resistant to further mutation.


Message History

You are too injured to fight recklessly!
You are too injured to fight recklessly!
You are too injured to fight recklessly!
You are too injured to fight recklessly!
You are too injured to fight recklessly!
You are too injured to fight recklessly!
You are too injured to fight recklessly!
You are too injured to fight recklessly!
Unknown command.
You aren't carrying any potions.
You aren't carrying any spellbooks or scrolls.
You aren't carrying any spellbooks or scrolls.
You are too injured to fight recklessly!
Firing (i - inventory. (,) - cycle):
e - 106 stones (quivered)
Press: ? - help, Shift-Dir - straight line, f/p - morik's ghost
Aim: morik's ghost (severely damaged)
You shoot a stone. The stone hits morik's ghost.
Morik's ghost is almost destroyed.
Morik's ghost hits you!
You die...

#######.....# ....
......# #..# #.##..# #
#..# #.##..#######
#..###.##..##.....
#.#####......##..##.....
....................^...
#.####...######.###.....
#.#@#.# #.# #.....
#....W##.# #.########
###.#.# ## #.........
##... #.######## #.. ..#
#(## #.# ((. #(.
########


You could see morik's ghost.

Vanquished Creatures
  An ice beast (D:3)
  An orc wizard (D:3)
  A worker ant (D:4)
  A hound skeleton (D:4)
  8 adders
  5 worms
  2 dart slugs
  3 giant geckos
  3 orcs (D:3)
  3 giant cockroaches (D:2)
  5 goblins
  7 hobgoblins
  2 ball pythons
  6 bats
  6 giant newts
  6 kobolds
  10 rats
70 creatures vanquished.

Notes
Turn   | Place    | Note
--------------------------------------------------------------
     0 | D:1      | Gadfly the Halfling Hunter began the quest for the Orb.
     0 | D:1      | Reached XP level 1. HP: 14/14 MP: 1/1
    45 | D:1      | Reached skill level 6 in Slings
   110 | D:1      | Reached XP level 2. HP: 19/19 MP: 2/2
   809 | D:2      | Reached skill level 7 in Slings
   809 | D:2      | Reached XP level 3. HP: 24/24 MP: 3/3
  1114 | D:2      | Reached XP level 4. HP: 29/29 MP: 4/4
  1182 | D:2      | Found an iron altar of Okawaru.
  1186 | D:2      | Became a worshipper of Warmaster Okawaru
  1190 | D:2      | Found a basalt altar of Yredelemnul.
  1193 | D:2      | Found a burning altar of Makhleb.
  1252 | D:2      | Reached skill level 8 in Slings
  1712 | D:3      | Reached XP level 5. HP: 34/34 MP: 5/5
  1733 | D:3      | Found a sparkling altar of Nemelex Xobeh.
  2192 | D:3      | Found a glowing silver altar of Zin.
  2286 | D:3      | Reached skill level 9 in Slings
  2289 | D:3      | Noticed an ice beast
  2307 | D:3      | Killed an ice beast
  2307 | D:3      | Reached XP level 6. HP: 5/39 MP: 6/6
  3070 | D:4      | Reached skill level 10 in Slings
  3248 | D:4      | Noticed morik's ghost (amateur DrTm)
  3280 | D:4      | Slain by morik's ghost

Skill      XL: |  1  2  3  4  5  6 |
---------------+-------------------+-----
Slings         | 6 7 8 9 10 | 10.1
Fighting       | |  1.8
Armour         | |  0.7
Dodging        | |  2.9
Stealth        | |  1.1

Action                   |  1- 3 |  4- 6 || total
-------------------------+-------+-------++-------
 Fire: Hunting sling     |    99 |   225 ||   324
  Use: Potion            |       |     3 ||     3
       Scroll            |       |     6 ||     6
  Eat: Chunk             |       |     7 ||     7
Armor: Plate armour      |    16 |    31 ||    47
       Ring mail         |       |     6 ||     6
Dodge: Dodged            |    10 |    16 ||    26
